 Dungeon Crawl Stone Soup version 0.21-a0-2-ge494091 (webtiles) character file.

1239 Naow the Firebug (level 8, 0/46 HPs)
             Began as an Octopode Fire Elementalist on May 22, 2017.
             Was an Initiate of Vehumet.
             Slain by Blork the orc
             ... wielding a +0 dire flail
              (2 damage)
             ... on level 6 of the Dungeon.
             The game lasted 00:11:52 (8092 turns).

Naow the Firebug (Octopode Fire Elementalist)       Turns: 8092, Time: 00:11:52

Health: 0/46       AC:  1    Str:  7    XL:     8   Next: 49%
Magic:  0/16       EV: 13    Int: 20    God:    Vehumet [......]
Gold:   276        SH:  0    Dex: 12    Spells: 3/18 levels left

rFire    . . .     SeeInvis +   z - +2 dagger (holy)
rCold    + . .     Gourm    .   (no shield)
rNeg     . . .     Faith    .   (helmet restricted)
rPois    .         Spirit   .   (no amulet)
rElec    .         Reflect  .   t - ring of see invisible
rCorr    .         Harm     .   D - ring of protection from cold
MR       .....                  B - ring of wizardry
Stlth    +++.......             (no ring)
Regen    0.2/turn               (no ring)
MPRegen  0.2/turn               (no ring)
                                (no ring)
                                (no ring)

@: no status effects
A: almost no armour, stealthy swim, amphibious, 8 rings, constrict 8, camouflage
1, gelatinous body 1
a: Renounce Religion


You were on level 6 of the Dungeon.
You worshipped Vehumet.
Vehumet was noncommittal.
You were very hungry.

You visited 2 branches of the dungeon, and saw 7 of its levels.
You also visited: Sewer.

You collected 276 gold pieces.

Inventory:

Hand Weapons
 k - a +0 dagger
 z - a +2 dagger of holy wrath (weapon)
Missiles
 c - 4 curare-tipped needles
 u - 2 needles of sleeping
Magical Staves
 r - an uncursed staff of cold
Jewellery
 t - a ring of see invisible (left tentacle)
 B - a ring of wizardry (on tentacle)
 D - a ring of protection from cold (right tentacle)
Scrolls
 d - 4 scrolls of identify {unknown}
 e - 4 scrolls of teleportation {unknown}
 i - 2 scrolls of magic mapping {unknown}
 j - 3 scrolls of recharging {unknown}
 p - a scroll of amnesia {unknown}
 q - 2 scrolls of immolation {unknown}
 x - 2 scrolls of enchant armour {unknown}
 y - a scroll of fog {unknown}
 A - a scroll of fear {unknown}
 C - a scroll of enchant weapon {unknown}
Potions
 f - a potion of lignification {unknown}
 h - a potion of heal wounds {unknown}
 l - a potion of invisibility {unknown}
 m - 3 potions of flight {unknown}
 o - 2 potions of curing {unknown}
 v - 2 potions of haste {unknown}
 w - 2 potions of cancellation {unknown}
 E - 2 potions of mutation {unknown}
Books
 a - a book of Flames

   Spells                             Type                      Level
   a - Flame Tongue                   Conjuration/Fire             1
   b - Throw Flame                    Conjuration/Fire             2
   c - Conjure Flame                  Conjuration/Fire             3
   d - Inner Flame                    Hexes/Fire                   3
   e - Sticky Flame                   Conjuration/Fire             4
   f - Fireball                       Conjuration/Fire             5
Comestibles
 b - 5 bread rations
 g - 3 fruits
 n - 2 royal jellies
 s - a meat ration


   Skills:
 - Level 2.0 Dodging
 - Level 2.6 Stealth
 + Level 5.5 Spellcasting
 + Level 5.7 Conjurations
 + Level 6.5 Fire Magic


You had 3 spell levels left.
You knew the following spells:

 Your Spells              Type           Power        Failure   Level  Hunger
a - Flame Tongue          Conj/Fire      ####.        1%          1    None
b - Throw Flame           Conj/Fire      ####..       1%          2    None
c - Conjure Flame         Conj/Fire      ####....     1%          3    ##.....
d - Sticky Flame          Conj/Fire      ####....     3%          4    ####...
e - Fireball              Conj/Fire      ####......   10%         5    #####..


Dungeon Overview and Level Annotations

Branches:
Dungeon (6/15)             Temple (1/1) D:4

Altars:
Ashenzari
Cheibriados
Dithmenos
Elyvilon
Kikubaaqudgha
Makhleb
Nemelex Xobeh
Qazlal
Ru
Sif Muna
Trog
Vehumet
Wu Jian
Yredelemnul
Zin
The Shining One

Annotations:
D:3 Yakui's ghost, amateur MfGl
D:6 Blork the orc; Eustachio


Innate Abilities, Weirdness & Mutations

You cannot wear most types of armour.
You are very stealthy in the water. (Stealth+)
You are amphibious.
You can wear up to eight rings at the same time.
You can use your tentacles to constrict eight enemies at once.
Your skin changes colour to match your surroundings (Stealth+).
Your rubbery body absorbs attacks. (AC +1, EV +1)


Message History

Press: ? - help, Shift-Dir - straight line, f - Blork the orc
Aim: Blork the orc, wielding a dire flail and wearing a robe (fast)
The sticky flame hits Blork the orc.
Blork the orc is lightly wounded.
Blork the orc is covered in liquid flames!
You are feeling very hungry.
Blork the orc burns!
Blork the orc hits you with a dire flail.
You are too injured to fight recklessly!
You hit Blork the orc but do no damage. You grab Blork the orc.
Blork the orc is moderately wounded.
You constrict Blork the orc.
Blork the orc burns!
Blork the orc closely misses you.
You hit Blork the orc.
Blork the orc is severely wounded.
You constrict Blork the orc.
Blork the orc burns!
Blork the orc hits you with a dire flail!
* * * LOW HITPOINT WARNING * * *
Blork the orc hits you with a dire flail.
You die...

# . #
###################
................@.#
#################o#.#
..... ..#.#.# #####
#.#.#.# #.#.#.#
#####.#.#.#
#.......#.#
#.#####.#.#
#.#.......#


You could see Blork the orc (burning).

Vanquished Creatures
  A sky beast (D:5)
  An orc warrior (D:6)
  2 ogres (D:4)
  A big kobold (Sewer)
  A scorpion (D:4)
  A wight (D:5)
  A bullfrog zombie (D:5)
  A crimson imp (D:6)
  A hound (D:5)
  A jelly (D:6)
  2 bullfrog skeletons (D:5)
  3 orc priests
  4 orc wizards
  Jessica (D:2)
  4 worker ants
  9 adders
  A river rat (Sewer)
  An adder zombie (D:5)
  2 worms
  A dart slug (D:4)
  4 leopard geckos
  25 orcs
  4 giant cockroaches (D:2)
  7 goblins
  6 hobgoblins
  6 jackals
  2 quokkas (D:4)
  3 ball pythons
  10 bats
  2 frilled lizards (D:2)
  9 kobolds
  A quokka skeleton (D:4)
  9 rats
127 creatures vanquished.

Notes
Turn   | Place    | Note
-------+----------+-------------------------------------------
     0 | D:1      | Naow the Octopode Fire Elementalist began the quest for the Orb.
     0 | D:1      | Reached XP level 1. HP: 11/11 MP: 3/3
  1003 | D:2      | Reached XP level 2. HP: 17/17 MP: 0/5
  1349 | D:2      | Noticed Jessica
  1408 | D:2      | Reached XP level 3. HP: 21/21 MP: 3/6
  1897 | D:2      | Reached XP level 4. HP: 15/27 MP: 0/8
  2477 | D:2      | Killed Jessica
  2621 | D:2      | Found a sacrificial altar of Ru.
  2707 | D:2      | Reached XP level 5. HP: 31/31 MP: 7/9
  3006 | D:3      | Found a glowing drain.
  3010 | D:3      | Reached skill level 4 in Fire Magic
  3051 | Sewer    | Entered a sewer
  3253 | Sewer    | Noticed a big kobold
  3273 | Sewer    | Killed a big kobold
  3372 | Sewer    | Found a white marble altar of Elyvilon.
  3744 | D:3      | Noticed Yakui's ghost (amateur MfGl)
  3798 | D:2      | Learned a level 2 spell: Throw Flame
  3802 | D:2      | Learned a level 3 spell: Conjure Flame
  3807 | D:2      | Learned a level 4 spell: Sticky Flame
  3810 | D:2      | Reached XP level 6. HP: 29/36 MP: 7/11
  5245 | D:4      | Reached skill level 5 in Fire Magic
  5245 | D:4      | Reached XP level 7. HP: 41/41 MP: 1/13
  6265 | D:4      | Found a staircase to the Ecumenical Temple.
  6281 | Temple   | Entered the Ecumenical Temple
  6422 | Temple   | Became a worshipper of Vehumet
  6535 | D:5      | Entered Level 5 of the Dungeon
  6755 | D:5      | Reached skill level 5 in Conjurations
  6951 | D:5      | Reached XP level 8. HP: 46/46 MP: 12/15
  7201 | D:5      | Reached skill level 5 in Spellcasting
  7461 | D:5      | Reached skill level 6 in Fire Magic
  7912 | D:5      | Learned a level 5 spell: Fireball
  8055 | D:6      | Noticed Eustachio
  8067 | D:6      | Noticed Blork the orc
  8092 | D:6      | HP: 2/46 [Blork the orc/dire flail (14)]
  8092 | D:6      | Slain by Blork the orc

Vault maps used:
D:1:      minmay_arrival_three_doors
D:2:      nicolae_ru_sacrificial_ziggurat, first_bread, st_stairs_11,
          uniq_jessica
D:3:      cheibrodos_sewer_entry_drain
D:4:      minmay_temple_entry_nine_rooms
D:6:      sword_in_stone, uniq_edmund
Temple:   roderic_octagonal_lattice_temple
Sewer:    sewer_kobolds

Skill      XL: |  1  2  3  4  5  6  7  8 |
---------------+-------------------------+-----
Conjurations   | 2 3 4 5 |  5.7
Spellcasting   | 3 4 5 |  5.5
Fire Magic     | 4 5 6 |  6.5
Dodging        | |  2.0
Stealth        | |  2.6

Action                   |  1- 3 |  4- 6 |  7- 9 || total
-------------------------+-------+-------+-------++-------
Melee: Unarmed           |     4 |       |       ||     4
       Constrict         |     2 |     5 |     4 ||    11
       Dagger            |       |    23 |    13 ||    36
       Tentacles         |       |     4 |     2 ||     6
 Cast: Flame Tongue      |    37 |   129 |    98 ||   264
       Sticky Flame      |       |     3 |     6 ||     9
       Conjure Flame     |       |     2 |     4 ||     6
       Throw Flame       |       |     1 |    15 ||    16
       Fireball          |       |       |     1 ||     1
  Eat: Chunk             |     3 |    11 |     9 ||    23
Armor: Skin              |     1 |     7 |     3 ||    11
Dodge: Dodged            |    14 |    63 |    23 ||   100
